 Dungeon Crawl Stone Soup version 0.27.0-1-g7a089689b8 (webtiles) character file.

Game seed: 1011727790417944577

222 sanka the Insei (level 5, 0/41 HPs)
             Began as a Vampire Hunter on Aug 4, 2021.
             Succumbed to a scorpion's poison
             ... on level 4 of the Dungeon.
             The game lasted 00:04:28 (2476 turns).

sanka the Insei (Vampire Hunter)                    Turns: 2476, Time: 00:04:28

Health: 0/41       AC:  3    Str: 11    XL:     5   Next: 66%
Magic:  2/7        EV: 12    Int: 14    God:
Gold:   90         SH:  0    Dex: 15    Spells: 6/6 levels left

rFire    + . .     SeeInvis +   k - +2 dagger (venom)
rCold    + . .     Faith    .   (no shield)
rNeg     . . .     Spirit   +   c - +0 leather armour
rPois    +         Reflect  .   (no helmet)
rElec    +         Harm     .   (no cloak)
rCorr    +         Rampage  .   (no gloves)
Will     .....                  (no boots)
Stlth    ++........             p - amulet of guardian spirit
HPRegen  0.33/turn              (no ring)
MPRegen  0.10/turn              (no ring)

@: brilliant, lethally poisoned (0 -> -2), resistant, attractive, healing
quickly
A: alive, fangs 3, see invisible, vampiric 2
a: Exsanguinate


You were on level 4 of the Dungeon.
You visited 1 branch of the dungeon, and saw 4 of its levels.

You collected 90 gold pieces.


Innate Abilities, Weirdness & Mutations

Your natural rate of healing is accelerated.
You have razor-sharp teeth.
You have supernaturally acute eyesight. (SInv)
You are afflicted with vampirism and can become a bat while bloodless.


   Skills:
 - Level 3.0 Fighting
 - Level 3.2 Crossbows
 - Level 2.1 Dodging
 - Level 1.5 Stealth
 + Level 4.9 Unarmed Combat
 + Level 1.4 Spellcasting


You had 6 spell levels left.
You didn't know any spells.
Your spell library contained the following spells:

 Spells                   Type           Power      Damage    Failure   Level
 Inner Flame              Hex/Fire       1%         N/A       69%         3
 Ozocubu's Armour         Ice            1%         N/A       69%         3
 Cause Fear               Hex            0%         N/A       97%         4
 Metabolic Englaciation   Hex/Ice        0%         N/A       100%        5
 Simulacrum               Ice/Necr       0%         N/A       100%        6
 Discord                  Hex            0%         N/A       100%        8

Inventory:

Hand Weapons
 a - a +1 hand crossbow
 b - a +0 short sword
 k - a +2 dagger of venom (weapon)
Missiles
 d - 23 bolts
Armour
 c - a +0 leather armour (worn)
Jewellery
 p - an amulet of guardian spirit (around neck)
Wands
 q - a wand of iceblast (8)
Scrolls
 e - 2 scrolls of teleportation {@r4}
 f - a scroll of enchant weapon {unknown}
 i - a scroll of silence {unknown}
 j - a scroll of brand weapon
 l - a scroll of summoning {unknown}
 m - 2 scrolls of fear
 n - a scroll of enchant armour {unknown}
 r - a scroll of identify {@r1}

Dungeon Overview and Level Annotations

Branches:
Dungeon (4/15)
 Temple: D:4-7

Altars:

Shops:
D:3

[?*( ▒ ▒........ ▒
▒....... ▒▒ ▒......
▒. ▒.....▒ ▒▒▒▒ ▒.
▒.....▒▒...▒ ▒.
▒..........▒ ▒▒
▒..........▒▒▒▒▒▒▒▒▒
▒..V................
▒..†................
▒..(..▒▒...▒▒.......
▒.....▒▒▒▒▒▒▒.......
▒......▒....'.......
▒......▒..†▒▒.....▒▒
▒......'...▒▒.....▒▒
▒.....▒▒...▒▒..)....
▒.....▒▒...▒▒.......


There were no monsters in sight!


Message History

The scorpion poisons you!
* * * LOW HITPOINT WARNING * * *
You feel very sick.
You kill the scorpion!
Your Spellcasting skill increases to level 1!
Unknown command.
It was a potion of cancellation.
You feel magically purged.
* * * LOW HITPOINT WARNING * * *
You feel very sick.
It was a potion of resistance.
You feel protected.
* * * LOW HITPOINT WARNING * * *
You feel sick.
It was a potion of brilliance.
You feel clever all of a sudden.
* * * LOW HITPOINT WARNING * * *
You feel sick.
It was a potion of attraction.
You feel attractive to monsters.
* * * LOW HITPOINT WARNING * * *
You feel sick.
Okay, then.
* * * LOW HITPOINT WARNING * * *
You feel sick.
You see here 23 arrows.
* * * LOW HITPOINT WARNING * * *
You feel sick.
You see here a scorpion corpse.
You die...

Action                   |  1- 3 |  4- 6 || total
-------------------------+-------+-------++-------
Melee: Dagger            |    51 |    86 ||   137
       Bite              |     4 |     4 ||     8
       Punch             |     2 |       ||     2
 Fire: Hand crossbow     |    44 |       ||    44
  Use: Potion            |       |     4 ||     4
       Scroll            |       |     3 ||     3
Armor: Leather armour    |    10 |     9 ||    19
Dodge: Dodged            |    33 |    45 ||    78

Levels and vault maps discovered:
D:1:      minmay_arrival_cross, layout_loops_ring,
          dreamdust_ecumenical_altar_sealed_demon
D:2:      layout_loops_cross, serial_park_tiny_pond, grunt_decor_junction,
          fountainhead, minmay_surrounded, uniq_terence
D:3:      layout_loops_cross, serial_shops, nicolae_shop_statue_plus,
          nicolae_diamond_shop, nicolae_shop_waterfront, nicolae_shop_stone,
          serial_bayou_pond_c
D:4:      layout_gridville, portal_sewer_entry_d, kennysheep_nub

Notes
Turn   | Place    | Note
-------+----------+-------------------------------------------
     0 | D:1      | sanka the Vampire Hunter began the quest for the Orb.
     0 | D:1      | Reached XP level 1. HP: 16/16 MP: 1/1
    52 | D:1      | Reached skill level 1 in Unarmed Combat
    61 | D:1      | Reached XP level 2. HP: 22/22 MP: 2/2
    62 | D:1      | Reached skill level 2 in Unarmed Combat
   316 | D:1      | Found a faded altar of an unknown god.
   316 | D:1      | Noticed a soul eater
   343 | D:1      | Reached skill level 3 in Unarmed Combat
   343 | D:1      | Gained mutation: You are afflicted with vampirism and can
                  | become a bat while bloodless. [Vampire growth]
   343 | D:1      | Reached XP level 3. HP: 27/27 MP: 3/3
   705 | D:2      | Reached skill level 2 in Fighting
   944 | D:2      | Reached XP level 4. HP: 14/33 MP: 4/4
  1326 | D:2      | Noticed Terence
  1337 | D:2      | Killed Terence
  1481 | D:2      | Reached skill level 4 in Unarmed Combat
  1566 | D:3      | Found Raena's Antique Weapon Boutique.
  1698 | D:3      | Reached XP level 5. HP: 33/40 MP: 5/5
  1700 | D:3      | Reached skill level 3 in Fighting
  1775 | D:3      | Found Muujeriach's Magic Scroll Emporium.
  1807 | D:3      | Found Lyzatwol's Antique Armour Emporium.
  2282 | D:3      | Found Joru's Assorted Antiques.
  2470 | D:4      | Reached skill level 1 in Spellcasting
  2471 | D:4      | Identified a potion of resistance
  2471 | D:4      | HP: 4/41 [poisoned by a scorpion]
  2474 | D:4      | HP: 1/41 [poisoned by a scorpion]
  2476 | D:4      | Succumbed to a scorpion's poison

Vanquished Creatures
  A scorpion (D:4)
  Terence (D:2)
  An iguana (D:3)
  2 adders
  2 worms (D:2)
  4 dart slugs
  5 orcs
  3 bats
  10 endoplasms
  A giant cockroach (D:1)
  9 goblins
  6 hobgoblins
  9 jackals
  3 kobolds
  5 ball pythons
  9 frilled lizards
  3 rats
74 creatures vanquished.
